 Dungeon Crawl Stone Soup version 0.31-a0-1338-gb567cfdca4 (webtiles) character file.

Game seed: 4912175108611902391

515 jasper the Twirler (level 7, 0/54 HPs)
             Began as a Human Gladiator on Dec 22, 2023.
             Slain by a yak (4 damage)
             ... on level 5 of the Dungeon.
             The game lasted 00:07:37 (4181 turns).

jasper the Twirler (Human Gladiator)                Turns: 4181, Time: 00:07:38

Health: 0/54       AC: 17    Str: 17    XL:     7   Next: 20%
Magic:  7/7        EV:  8    Int:  8    God:
Gold:   114        SH:  0    Dex: 14    Spells: 6/6 levels left

rFire   . . .        a - +0 quarterstaff (freeze)
rCold   . . .        (shield currently unavailable)
rNeg    . . .        g - +0 chain mail
rPois   .            c - +1 helmet
rElec   .            p - +2 cloak
rCorr   .            y - +2 pair of gloves
SInv    .            (no boots)
Will    .....        (no amulet) Stlth
                     (no ring)
HPRegen 0.29/turn    (no ring)
MPRegen 0.10/turn

%: no passive effects
@: no status effects
A: explore regen
a: no special abilities


You were on level 5 of the Dungeon.
You visited 1 branch of the dungeon, and saw 5 of its levels.

You collected 114 gold pieces.

Inventory:

Hand Weapons
 a - a +0 quarterstaff of freezing (weapon)
 l - a +2 heavy sling
Missiles
 d - 3 throwing nets (quivered)
 e - 10 javelins
 f - 11 stones
 o - 6 atropa-tipped darts
Armour
 b - a +0 leather armour
 c - a +1 helmet (worn)
 g - a +0 chain mail (worn)
 k - a +0 pair of gloves
 p - a +2 cloak (worn)
 y - a +2 pair of gloves (worn)
Jewellery
 D - a +6 ring of intelligence
 F - a ring of see invisible
Wands
 v - a wand of flame (11)
Scrolls
 i - a scroll of enchant armour
 j - 2 scrolls of immolation
 t - 2 scrolls of teleportation
 B - a scroll of revelation
Potions
 m - a potion of magic
 q - 3 potions of enlightenment
 r - a potion of attraction
 w - 2 potions of curing
 x - 2 potions of degeneration
 z - a potion of resistance {unknown}
 A - a potion of invisibility {unknown}
 C - a potion of lignification {unknown}


   Skills:
 + Level 4.1 Fighting
 * Level 6.0 Staves
 - Level 2.0 Throwing
 + Level 3.4 Armour
 - Level 3.0 Dodging


You had 6 spell levels left.
You didn't know any spells.
Your spell library contained the following spells:

 Spells                   Type           Power      Damage    Failure   Level
 Dazzling Flash           Conj/Hex       0%         N/A       100%        3
 Mephitic Cloud           Conj/Alch/Air  0%         N/A       100%        3
 Agony                    Necr           0%         N/A       100%        5
 Silence                  Hex/Air        0%         N/A       100%        5


Dungeon Overview and Level Annotations

Branches:
Dungeon (5/15)             Temple (0/1) D:5

Altars:
Ashenzari
Ru
Wu Jian


Innate Abilities, Weirdness & Mutations

You regain HP and MP as you explore.


Message History

The yak gores you but does no damage.
You hit the yak. You freeze the yak.
The yak is moderately wounded.
The iguana is no longer moving slowly.
The yak gores you!
You take 8 damage, and have 46/54 hp.
You completely miss the yak.
The yak is moderately wounded.
The yak gores you but does no damage.
You hit the yak but do no damage.
The yak is moderately wounded.
The yak gores you!
You take 9 damage, and have 37/54 hp.
You barely miss the yak.
The yak is lightly wounded.
The yak gores you!
You take 7 damage, and have 30/54 hp.
You hit the yak but do no damage.
The yak is lightly wounded.
The yak gores you but does no damage.
An iguana comes into view.
You regained 3 hp, and now have 33/54 hp.
The yak attacks as it pursues you! The yak gores you!
You take 8 damage, and have 25/54 hp.
The iguana barely misses you.
You regained 2 hp, and now have 27/54 hp.
You hit the iguana. You freeze the iguana.
The iguana is heavily wounded.
The iguana barely misses you. The yak gores you.
You take 3 damage, and have 24/54 hp.
You hit the iguana but do no damage.
The iguana is heavily wounded.
The iguana bites you!
* * * LOW HITPOINT WARNING * * *
The yak gores you!
* * * LOW HITPOINT WARNING * * *
You take 17 damage, and have 7/54 hp.
MASSIVE DAMAGE!!
You feel better. The iguana bites you!
* * * LOW HITPOINT WARNING * * *
The yak gores you.
You die...

*,***,,**,,****,#..# ###...***,,
*,,**,,**,,*,,,,#..# #?.l,,,,,.8
**,**,,**,,*,_,,#..###l#,,,***..
*,**,,,,,,*,,,,#.Y....#,,*#g+#.
*,**,,,,,,,,,,,##)###.#,**o.o#.
***,**,,,.,,,,*,**#l#
#.#,*,W.##. ,,,,,,,,,...,,,,*
#.# #.#,*,.##..
,,,***,,,.....#####Y#
#.#.####... ****
****......l@YYl# #.#.......)
*############ #.####.....
#......#...
**************########.##
*,,,,,,,,,,,,,,,,,,,.....
*********,*******#######.##
*8,,,,,,,,* #<†.......
********,,* #######.##
*,,,,,,,,* ##.#.


You could see 3 yaks and 2 iguanas.

Vanquished Creatures
  A wight (D:5)
  2 hounds (D:4)
  2 jellies (D:5)
  An orc priest (D:3)
  An iguana (D:4)
  5 orc wizards (D:3)
  8 adders
  2 worms
  2 dart slugs
  10 orcs
  8 ball pythons
  3 endoplasms
  3 giant cockroaches
  8 goblins
  7 hobgoblins
  6 jackals
  A quokka (D:1)
  6 bats
  6 frilled lizards
  2 goblin zombies (D:4)
  5 kobolds
  6 rats
95 creatures vanquished.

Notes
Turn   | Place    | Note
-------+----------+-------------------------------------------
     0 | D:1      | jasper the Human Gladiator began the quest for the Orb.
     0 | D:1      | Reached XP level 1. HP: 16/16 MP: 1/1
   197 | D:1      | Reached XP level 2. HP: 22/22 MP: 2/2
  1147 | D:2      | Reached skill level 1 in Armour
  1153 | D:2      | Reached XP level 3. HP: 23/28 MP: 3/3
  1473 | D:2      | Found a sacrificial altar of Ru.
  1885 | D:3      | Reached XP level 4. HP: 34/34 MP: 4/4
  1889 | D:3      | Reached skill level 4 in Staves
  1939 | D:3      | Found an ornate altar of the Wu Jian Council.
  2087 | D:3      | Reached XP level 5. HP: 41/41 MP: 5/5
  2480 | D:3      | Found a faded altar of an unknown god.
  2623 | D:3      | Reached skill level 5 in Staves
  2761 | D:3      | Reached XP level 6. HP: 47/47 MP: 6/6
  3467 | D:4      | Found a broken altar of Ashenzari.
  4004 | D:5      | Entered Level 5 of the Dungeon
  4133 | D:5      | Reached XP level 7. HP: 54/54 MP: 7/7
  4138 | D:5      | Reached skill level 6 in Staves
  4155 | D:5      | Noticed a yak
  4155 | D:5      | Noticed a yak
  4163 | D:5      | Noticed a yak
  4181 | D:5      | Slain by a yak

Illustrated notes

Levels and vault maps discovered:
D:1:      sevenhm_arrival_forest_fort_small_6, layout_basic,
          reono_crystal_passage
D:2:      layout_basic, basic_altar
D:3:      kennysheep_the_goblin_king, layout_loops_cross,
          pdpol_wu_jian_five_deadly_venoms, basic_ecumenical_altar
D:4:      layout_loops_corners, evilmike_ruin_ashenzari, enter_ossuary_4,
          minmay_snake_closets
D:5:      cheibrodos_barr_body, layout_basic, nicolae_ru_sacrificial_ziggurat,
          mainiacjoe_overflow_chevrons, temple_statues, serial_library,
          serial_library_regret_index_split_case,
          serial_library_regret_index_split_case,
          serial_library_hellmonk_double_dead_end,
          serial_library_hellmonk_secret_room, serial_library_hellmonk_junction,
          serial_library_hellmonk_hallway_a,
          serial_library_hellmonk_recessed_alcove,
          serial_library_hellmonk_reading_circle,
          serial_library_hellmonk_open_square,
          serial_library_regret_index_small_wings,
          serial_library_regret_index_headful,
          serial_library_hellmonk_recessed_alcove

Skill      XL: |  1  2  3  4  5  6  7 |
---------------+----------------------+-----
Armour         | 1 2 3 |  3.4
Staves         | 4 5 6 |  6.0
Fighting       | 3 4 |  4.1
Throwing       | |  2.0
Dodging        | |  3.0

Action                     |  1- 3 |  4- 6 |  7- 9 || total
---------------------------+-------+-------+-------++-------
  Melee: Quarterstaff      |    73 |    15 |    19 ||   107
         Sling             |       |     6 |       ||     6
   Fire: Sling             |    33 |   129 |     1 ||   163
    Use: Scroll            |       |    13 |       ||    13
         Potion            |       |       |     1 ||     1
 Armour: Leather armour    |    17 |       |       ||    17
         Chain mail        |    78 |   165 |    17 ||   260
  Dodge: Dodged            |    56 |    62 |     3 ||   121

Table legend: (Time is in decaauts)
 A = Elapsed time spent in this place.
 B = Non-inter-level travel time spent in this place.
 C = Inter-level travel time spent in this place.
 D = Time resting spent in this place.
 E = Time spent auto-exploring this place.
 F = Levels seen in this place.
 G = Mean time per level.
                   A        B        C        D        E       F      G
               +--------+--------+--------+--------+--------+-----+--------+
         Total |   4434 |   3984 |    450 |    256 |   2302 |   5 |  886.8 |
       Dungeon |   4434 |   3984 |    450 |    256 |   2302 |   5 |  886.8 |
               +--------+--------+--------+--------+--------+-----+--------+

Top non-repeatable levels by time:
     D:3: 1208 daAuts
     D:4: 1167 daAuts
     D:1: 1167 daAuts
     D:2: 796 daAuts
     D:5: 95 daAuts
